 Dungeon Crawl Stone Soup version 0.23-a0-54-gae6112e33f (webtiles) character file.

2017 Nilun the Martial Artist (level 9, -2/64 HPs)
             Began as a Demonspawn Gladiator on Aug 8, 2018.
             Killed from afar by an orc wizard (5 damage)
             ... with a magic dart
             ... on level 5 of the Dungeon.
             The game lasted 00:15:15 (7400 turns).

Nilun the Martial Artist (Demonspawn Gladiator)     Turns: 7400, Time: 00:15:15

Health: -2/64      AC:  4    Str: 14    XL:     9   Next: 3%
Magic:  0/9        EV: 19    Int:  9    God:
Gold:   319        SH:  0    Dex: 19    Spells: 8/8 levels left

rFire    . . .     SeeInvis .     - Unarmed
rCold    . . .     Gourm    .   (no shield)
rNeg     . . .     Faith    .   b - +0 leather armour
rPois    +         Spirit   +   c - +0 helmet
rElec    .         Reflect  .   k - scarf {Spirit}
rCorr    .         Harm     .   (gloves unavailable)
MR       .....                  (no boots)
Stlth    ++........             (no amulet)
HPRegen  0.20/turn              t - ring of poison resistance
MPRegen  0.11/turn              n - +4 ring of evasion

@: no status effects
A: claws 3
a: no special abilities


You were on level 5 of the Dungeon.
You were near starving.

You visited 2 branches of the dungeon, and saw 7 of its levels.

You collected 319 gold pieces.

Inventory:

Hand Weapons
 a - a +0 long sword
Missiles
 d - 4 throwing nets (quivered)
Armour
 b - a +0 leather armour (worn)
 c - a +0 helmet (worn)
 k - a scarf of spirit shield (worn)
Jewellery
 g - an uncursed ring of protection from magic
 n - a +4 ring of evasion (right claw)
 t - a ring of poison resistance (left claw)
Scrolls
 e - 4 scrolls of teleportation
 h - 2 scrolls of magic mapping {unknown}
 i - 5 scrolls of identify
 j - 2 scrolls of blinking {unknown}
 l - a scroll of fear {unknown}
 p - a scroll of random uselessness {unknown}
 q - a scroll of enchant armour {unknown}
 r - 3 scrolls of remove curse {unknown}
 s - a scroll of fog {unknown}
 w - a scroll of noise {unknown}
Potions
 m - 2 potions of cancellation
 o - 2 potions of brilliance
 v - 2 potions of magic {unknown}
Comestibles
 f - 8 rations


   Skills:
 + Level 3.3 Fighting
 - Level 3.0 Long Blades
 + Level 2.2 Throwing
 + Level 3.2 Armour
 + Level 4.4 Dodging
 + Level 1.8 Stealth
 * Level 8.8 Unarmed Combat


You had 8 spell levels left.
You didn't know any spells.
Your spell library was empty.

Dungeon Overview and Level Annotations

Branches:
Dungeon (6/15)             Temple (1/1) D:5

Altars:
Ashenzari
Dithmenos
Elyvilon
Fedhas
Gozag
Hepliaklqana
Kikubaaqudgha
Makhleb
Nemelex Xobeh
Okawaru
Qazlal
Sif Muna
Trog
Uskayaw
Vehumet
Xom
Yredelemnul
Zin
The Shining One

Annotations:
D:2 1 runed door
D:4 3 runed doors, Ablot's ghost, amateur GnSk


Innate Abilities, Weirdness & Mutations

You have claws for hands.


Message History

A puff of flame appears from out of thin air!
The puff of flame hits you!
* * * LOW HITPOINT WARNING * * *
You barely miss something.
You hear some strange, mumbled words.
A puff of flame appears from out of thin air!
The puff of flame hits you!
* * * LOW HITPOINT WARNING * * *
You barely miss something. Something hits you.
* * * LOW HITPOINT WARNING * * *
You bump into the rock wall.
Something hits you but does no damage. Something hits you.
* * * LOW HITPOINT WARNING * * *
You hear some strange, mumbled words.
A puff of flame appears from out of thin air!
The puff of flame misses you.
You feel less confused.
A magic dart appears from out of thin air!
The magic dart hits you!
You die...

###.#.##.##.........##....#
###.#[######.......####.###
...........###...### #.#
###..........#._.# #.#
####.p.#######...### #.#
).)).........#####>####.#
####...###.##....%)))...#
##..###.##.####.######
#...........@..#
#####..###.##.#############
.........#........[)..p...#
#####..#.#.###p#########.##
#..................#.#
######..##..##.###.#.###.#
.........#.........#.# #.#
...).....#..#...##.#.# #.#
########.#..#......#.# #.#


There were no monsters in sight!

Vanquished Creatures
  Pikel (D:5)
  Sigmund (D:4)
  Edmund (D:5)
  An orc warrior (D:5)
  A slave (D:5)
  4 ogres
  Blork the orc (D:3)
  2 scorpions (D:5)
  3 crimson imps
  3 hounds
  4 orc wizards
  A jelly (D:5)
  2 orc priests (D:5)
  Jessica (D:5)
  Terence (D:2)
  2 worker ants (D:5)
  A hound skeleton (D:5)
  7 adders
  An adder skeleton (D:5)
  3 worms
  6 dart slugs
  4 leopard geckos
  16 orcs
  6 bats
  6 giant cockroaches
  8 goblins
  7 hobgoblins
  12 jackals
  5 kobolds
  4 quokkas
  5 frilled lizards
  A jackal skeleton (D:4)
  9 rats
130 creatures vanquished.

Notes
Turn   | Place    | Note
-------+----------+-------------------------------------------
     0 | D:1      | Nilun the Demonspawn Gladiator began the quest for the Orb.
     0 | D:1      | Reached XP level 1. HP: 16/16 MP: 1/1
   107 | D:1      | Gained mutation: You have sharp fingernails. [demonic ancestry]
   107 | D:1      | Reached XP level 2. HP: 21/22 MP: 2/2
   335 | D:1      | Reached XP level 3. HP: 25/27 MP: 3/3
   726 | D:2      | Reached skill level 1 in Unarmed Combat
  1680 | D:2      | Reached XP level 4. HP: 18/33 MP: 4/4
  1907 | D:2      | Noticed Terence
  1938 | D:2      | Killed Terence
  1938 | D:2      | Reached skill level 2 in Unarmed Combat
  2294 | D:2      | Found a runed door.
  3150 | D:3      | Reached skill level 1 in Armour
  3150 | D:3      | Reached XP level 5. HP: 31/39 MP: 5/5
  4064 | D:3      | Reached skill level 3 in Unarmed Combat
  4514 | D:4      | Noticed an ogre
  4516 | D:4      | Noticed Blork the orc
  4555 | D:4      | Reached XP level 6. HP: 42/46 MP: 4/6
  4629 | D:3      | Killed Blork the orc
  4920 | D:4      | Reached skill level 4 in Unarmed Combat
  4986 | D:4      | Noticed Sigmund
  5022 | D:4      | Gained mutation: You have very sharp fingernails. [demonic ancestry]
  5022 | D:4      | Reached XP level 7. HP: 7/51 MP: 1/7
  5292 | D:4      | Reached skill level 5 in Unarmed Combat
  5373 | D:4      | Found a burning altar of Makhleb.
  5374 | D:4      | Found a radiant altar of Vehumet.
  5417 | D:4      | Killed Sigmund
  5417 | D:4      | Reached skill level 1 in Stealth
  5605 | D:4      | Noticed Ablot's ghost (amateur GnSk)
  5628 | D:4      | Found a runed gate.
  5628 | D:4      | Found a runed gate.
  5628 | D:4      | Found a runed gate.
  5656 | D:5      | Entered Level 5 of the Dungeon
  5736 | D:5      | Reached skill level 6 in Unarmed Combat
  5986 | D:5      | Reached XP level 8. HP: 57/57 MP: 6/8
  6031 | D:5      | Found a staircase to the Ecumenical Temple.
  6036 | Temple   | Entered the Ecumenical Temple
  6156 | D:5      | Found a stormy altar of Qazlal.
  6161 | D:5      | Found a bloodstained altar of Trog.
  6163 | D:5      | Found a glowing silver altar of Zin.
  6163 | D:5      | Found an ancient bone altar of Kikubaaqudgha.
  6166 | D:5      | Found a hazy altar of Hepliaklqana.
  6170 | D:5      | Found a basalt altar of Yredelemnul.
  6308 | D:5      | Noticed Jessica
  6316 | D:5      | Found a deep blue altar of Sif Muna.
  6321 | D:5      | Killed Jessica
  6504 | D:5      | Noticed Pikel
  6522 | D:5      | Killed Pikel
  6522 | D:5      | Reached skill level 7 in Unarmed Combat
  6641 | D:5      | Reached skill level 8 in Unarmed Combat
  6733 | D:5      | Noticed Edmund
  6749 | D:5      | Killed Edmund
  6997 | D:6      | Found a burning altar of Makhleb.
  7103 | D:5      | Gained mutation: You have claws for hands. [demonic ancestry]
  7103 | D:5      | Reached XP level 9. HP: 13/64 MP: 3/9
  7397 | D:5      | HP: 2/64 [something (4)]
  7400 | D:5      | Killed from afar by an orc wizard

Vault maps used:
D:1:      matt_arrival_diagonals
D:2:      uniq_terence, uniq_crazy_yiuf_cottage
D:4:      grunt_temple_overflow_lords_of_destruction, gammafunk_ghost_icy,
          first_ration, uniq_sigmund, uniq_blork_the_orc
D:5:      minitemple, tgw_sif, minmay_temple_entry_statues_pillars,
          serial_glass, glass_columns_a, glass_columns_b, minivault_25,
          uniq_edmund, uniq_pikel
D:6:      lemuel_crystal_altar, basic_altar, uniq_eustachio, uniq_menkaure
Temple:   cyrus_temple_forest

Skill      XL: |  1  2  3  4  5  6  7  8 |
---------------+-------------------------+-----
Long Blades    | 3 |  3.0
Throwing       | 2 |  2.2
Dodging        | 3 4 |  4.4
Unarmed Combat | 1 2 3 4 6 8 |  8.8
Armour         | 1 2 3 |  3.2
Stealth        | 1 |  1.8
Fighting       | 3 |  3.3

Action                   |  1- 3 |  4- 6 |  7- 9 || total
-------------------------+-------+-------+-------++-------
Melee: Long sword        |    22 |       |       ||    22
       Unarmed           |   188 |   250 |   189 ||   627
       Punch             |       |     5 |     9 ||    14
Throw: Throwing net      |       |     3 |       ||     3
  Use: Scroll            |     2 |       |     2 ||     4
       Potion            |       |     4 |     1 ||     5
 Stab: Sleeping          |     1 |     2 |     1 ||     4
       Held in net/web   |       |     1 |       ||     1
  Eat: Chunk             |     3 |     8 |     5 ||    16
       Ration            |       |     1 |       ||     1
Armor: Leather armour    |    58 |    55 |    24 ||   137
       Skin              |       |     3 |       ||     3
Dodge: Dodged            |   151 |   134 |   139 ||   424
       Rpst.: Long sword |     3 |       |       ||     3

Table legend:
 A = Spawn XP
 B = Non-spawn XP
 C = Spawn XP percentage of total XP
 D = Spawn monster count
 E = Non-spawn monster count
 F = Spawn count percentage of total count
 G = Total turns spent on level
                    A         B        C        D         E        F      G
               +---------+---------+-------+---------+---------+-------+---------
         Total |       0 |    2882 |   0.0 |       0 |     129 |   0.0 |  7400
               +---------+---------+-------+---------+---------+-------+---------
           D:1 |       0 |      57 |   0.0 |       0 |      27 |   0.0 |  1165
           D:2 |       0 |      96 |   0.0 |       0 |      23 |   0.0 |  1841
           D:3 |       0 |     297 |   0.0 |       0 |      32 |   0.0 |  1789
           D:4 |       0 |     676 |   0.0 |       0 |      11 |   0.0 |   861
           D:5 |       0 |    1756 |   0.0 |       0 |      36 |   0.0 |  1618
               +---------+---------+-------+---------+---------+-------+---------
